 Dungeon Crawl Stone Soup version 0.20.1-1-g8b1a95d (webtiles) character file.

5065 KingStallion the Carver (level 10, -3/129 HPs)
             Began as a White Draconian Berserker on Aug 15, 2017.
             Was a High Priest of Trog.
             Killed from afar by an orc wizard (5 damage)
             ... with a magic dart
             ... on level 9 of the Dungeon on Sept 10, 2017.
             The game lasted 00:24:44 (6193 turns).

KingStallion the Carver (White Draconian Berserker) Turns: 6193, Time: 00:24:45

Health: -3/129     AC:  9    Str: 26    XL:     10   Next: 31%
Magic:  12/12      EV: 16    Int:  8    God:    Trog [*****.]
Gold:   398        SH:  3    Dex: 12    Spells: 9/9 levels left

rFire    . . .     SeeInvis .   m - +2 great sword
rCold    + . .     Gourm    .   (shield currently unavailable)
rNeg     . . .     Faith    .   (armour unavailable)
rPois    .         Spirit   .   (helmet restricted)
rElec    .         Reflect  +   (no cloak)
rCorr    .         Harm     .   f - +0 pair of gloves
MR       .....                  I - +0 pair of boots
Stlth    ..........             d - +3 amulet of reflection
Regen    0.4/turn               q - +2 ring of evasion
MPRegen  0.2/turn               E - ring of stealth

@: berserking (expiring), very quick
A: breathe frost, unfitting armour, cold resistance 1, cold-blooded, AC +7
a: Breathe Frost, Berserk, Trog's Hand, Brothers in Arms, Burn Spellbooks,
Renounce Religion


You were on level 9 of the Dungeon.
You worshipped Trog.
Trog was extremely pleased with you.
You were very hungry.

You visited 1 branch of the dungeon, and saw 8 of its levels.

You collected 398 gold pieces.

Inventory:

Hand Weapons
 a - a +0 long sword
 l - a +0 falchion
 m - a +2 great sword (weapon)
 s - a +0 antimagic trident
 u - a +1 dagger of draining
 y - a +0 dagger of flaming
 C - a +4 mace
Armour
 f - a +0 pair of gloves (worn)
 I - a +0 pair of boots (worn)
Jewellery
 d - a +3 amulet of reflection (around neck)
 q - a +2 ring of evasion (left hand)
 E - a ring of stealth (right hand)
Wands
 r - a wand of random effects (5/48)
 H - a wand of iceblast (9/15)
Scrolls
 e - 3 scrolls of enchant armour {unknown}
 g - 6 scrolls of identify
 i - a scroll of fear
 k - 3 scrolls of remove curse
 o - 2 scrolls of magic mapping
 v - a scroll of blinking {unknown}
 w - 2 scrolls of amnesia {unknown}
 x - 4 scrolls of teleportation
 D - a scroll of acquirement {unknown}
Potions
 c - 2 potions of cancellation
 j - 6 potions of curing
 p - a potion of heal wounds
 t - 2 potions of brilliance
 B - 2 potions of haste
 F - a potion of lignification {unknown}
 J - a potion of ambrosia {unknown}
Books
 G - a book of Misfortune

   Spells                             Type                      Level
   a - Confusing Touch                Hexes                        1
   b - Confuse                        Hexes                        3
   c - Gell's Gravitas                Translocation                3
   d - Petrify                        Transmutation/Earth          4
   e - Metabolic Englaciation         Hexes/Ice                    5
   f - Yara's Violent Unravelling     Hexes/Transmutation          5
   Trog disapproves of the use of such an item.
Comestibles
 b - 4 bread rations
 h - a meat ration
 n - 2 fruits
 z - 3 royal jellies
 A - 6 chunks of flesh


   Skills:
 * Level 7.0 Fighting
 * Level 10.8 Long Blades
 + Level 5.1 Dodging
 * Level 4.6 Stealth
 * Level 5.1 Unarmed Combat
 * Level 3.9 Evocations


You had 9 spell levels left.
You didn't know any spells.

Dungeon Overview and Level Annotations

Branches:
Dungeon (9/15)             Temple (0/1) D:4
   Lair: D:8-11         Orc: D:9-12

Altars:
Cheibriados
Nemelex Xobeh

Shops:
D:7 =


Innate Abilities, Weirdness & Mutations

You can breathe waves of freezing cold.
You can buffet flying creatures when you breathe cold.
Your icy white scales are hard. (AC +7)
You cannot fit into any form of body armour.
Your flesh is cold resistant. (rC+)
You are cold-blooded and may be slowed by cold attacks.


Message History

* * * LOW HITPOINT WARNING * * *
You barely miss the two-headed ogre.
The two-headed ogre is almost dead.
You slice the two-headed ogre!!
You kill the two-headed ogre!
Trog accepts your kill.
Your Fighting skill increases to level 7!
Your Unarmed Combat skill increases to level 5!
The orc priest mumbles some strange prayers to Beogh against you.
Beogh smites you!
* * * LOW HITPOINT WARNING * * *
The orc barely misses you.
You are too berserk!
You hit the orc. You tail-slap the orc.
You kill the orc!
Trog accepts your kill.
You hear some strange, mumbled words.
A magic dart appears from out of thin air!
The magic dart hits you!
You die...

## .#. . #. .. . #.
.#o# #+#. #.##.#.#
... #$..o.. ...###
#...≈# ..##.# #.)o#
#.##.#### #.@.#
#.##....# #..≈+
#.##.##.# #...#
#.##.##.# #>.≈##
#........ #...≈#
##.#.###.#
#.########..#.###..
#.# #.......#....##
#.# #......########
#.# #......########


You could see an orc priest and 2 orcs.

Vanquished Creatures
  Erolcha (D:9)
  A two-headed ogre (D:9)
  4 yaks (D:9)
  Sigmund (D:2)
  A vampire (D:9)
  A wyvern (D:9)
  The ghost of bosm the Charlatan, an amateur KoAr (D:3)
  2 ice beasts
  A sky beast (D:6)
  3 black bears
  2 orc warriors
  A phantom (D:4)
  2 centaurs (D:9)
  A crocodile (D:9)
  A big kobold (D:7)
  2 bullfrogs (D:6)
  A gnoll sergeant (D:7)
  A scorpion (D:6)
  2 killer bees (D:7)
  4 howler monkeys
  A crimson imp (D:5)
  5 orc wizards
  A bullfrog skeleton (D:3)
  A hound (D:6)
  5 orc priests
  Terence (D:2)
  An iguana (D:9)
  5 worker ants
  A killer bee zombie (D:6)
  2 hound skeletons
  A mummy (D:5)
  A howler monkey zombie (D:7)
  16 adders
  7 gnolls (D:7)
  An ooze (D:1)
  An adder zombie (D:7)
  4 worms
  2 dart slugs (D:1)
  5 leopard geckos
  25 orcs
  5 giant cockroaches
  7 goblins
  7 hobgoblins
  4 jackals (D:7)
  3 quokkas
  2 ball pythons
  12 bats
  4 frilled lizards
  2 hobgoblin zombies (D:5)
  13 kobolds
  2 kobold zombies (D:5)
  A leopard gecko zombie (D:6)
  A quokka skeleton (D:7)
  11 rats
  A bush (D:1)
  A fungus (D:9)
  2 plants
197 creatures vanquished.

Notes
Turn   | Place    | Note
-------+----------+-------------------------------------------
     0 | D:1      | KingStallion the Draconian Berserker began the quest for the Orb.
     0 | D:1      | Reached XP level 1. HP: 19/19 MP: 1/1
   120 | D:1      | Reached XP level 2. HP: 18/26 MP: 2/2
   603 | D:1      | Reached XP level 3. HP: 31/33 MP: 3/3
   632 | D:1      | Reached ** piety under Trog
  1139 | D:2      | Reached skill level 4 in Long Blades
  1152 | D:2      | Reached XP level 4. HP: 31/40 MP: 4/4
  1205 | D:2      | Noticed Sigmund
  1215 | D:2      | Killed Sigmund
  1215 | D:2      | Reached skill level 5 in Long Blades
  1215 | D:2      | Reached XP level 5. HP: 34/46 MP: 5/5
  1894 | D:2      | Noticed Terence
  1902 | D:2      | Killed Terence
  1965 | D:3      | Reached skill level 1 in Stealth
  1965 | D:3      | Reached XP level 6. HP: 51/53 MP: 6/6
  2096 | D:3      | Found a snail-covered altar of Cheibriados.
  2103 | D:3      | Reached *** piety under Trog
  2104 | D:3      | Reached skill level 1 in Unarmed Combat
  2226 | D:3      | Noticed bosm's ghost (amateur KoAr)
  2235 | D:3      | Killed bosm's ghost
  2235 | D:3      | Reached skill level 6 in Long Blades
  2258 | D:3      | Your scales start taking on an icy white colour.
  2258 | D:3      | Reached XP level 7. HP: 39/60 MP: 7/7
  2258 | D:3      | Gained mutation: Your flesh is cold resistant. (rC+) [White Draconian growth]
  3126 | D:4      | Found a staircase to the Ecumenical Temple.
  3160 | D:5      | Entered Level 5 of the Dungeon
  3197 | D:5      | Reached skill level 7 in Long Blades
  3426 | D:5      | Reached **** piety under Trog
  3440 | D:5      | Reached skill level 5 in Fighting
  3469 | D:5      | Reached XP level 8. HP: 37/68 MP: 8/8
  4136 | D:6      | Reached skill level 1 in Evocations
  4186 | D:6      | Reached skill level 8 in Long Blades
  4817 | D:6      | Got a crude zirconium amulet
  4857 | D:6      | Identified the amulet "Nanoukoir" {Inacc *Corrode +Fly Str+2} (You found it on level 6 of the Dungeon)
  5180 | D:7      | Found Cisu's Jewellery Shoppe.
  5334 | D:7      | Reached XP level 9. HP: 58/74 MP: 10/10
  5547 | D:7      | Reached skill level 9 in Long Blades
  5644 | D:7      | You fall through a shaft for 2 floors!
  5644 | D:9      | Noticed Erolcha
  5650 | D:9      | Killed Erolcha
  5651 | D:9      | Reached ***** piety under Trog
  5654 | D:9      | Reached skill level 10 in Long Blades
  5782 | D:9      | Reached skill level 5 in Dodging
  5787 | D:9      | Reached XP level 10. HP: 51/84 MP: 12/12
  6117 | D:9      | Found a sparkling altar of Nemelex Xobeh.
  6177 | D:9      | Noticed a two-headed ogre
  6192 | D:9      | Killed a two-headed ogre
  6192 | D:9      | Reached skill level 5 in Unarmed Combat
  6192 | D:9      | HP: 2/129 [orc priest/divine providence (13)]
  6193 | D:9      | Killed from afar by an orc wizard

Skill      XL: |  1  2  3  4  5  6  7  8  9 10 |
---------------+-------------------------------+-----
Dodging        | 3 4 5 |  5.1
Long Blades    | 4 5 6 7 8 10 | 10.8
Fighting       | 4 5 6 7 |  7.0
Stealth        | 1 2 3 4 |  4.6
Unarmed Combat | 1 2 3 4 5 |  5.1
Evocations     | 2 3 |  3.9

Action                   |  1- 3 |  4- 6 |  7- 9 | 10-12 || total
-------------------------+-------+-------+-------+-------++-------
Melee: Falchion          |   223 |       |       |       ||   223
       Tailslap          |    53 |    11 |    49 |     3 ||   116
       Long sword        |     9 |    15 |       |       ||    24
       Great sword       |       |    60 |   294 |    23 ||   377
Invok: Berserk           |       |     3 |     4 |     1 ||     8
       Trog's Hand       |       |     2 |     1 |       ||     3
 Abil: Breathe Frost     |       |       |     6 |       ||     6
Evoke: Wand              |       |       |     9 |       ||     9
  Use: Scroll            |     2 |     4 |     3 |       ||     9
       Potion            |       |       |     6 |       ||     6
 Stab: Sleeping          |       |     2 |     7 |     1 ||    10
       Distracted        |       |       |     1 |       ||     1
       Confused          |       |       |     1 |       ||     1
  Eat: Chunk             |     1 |     7 |    16 |     1 ||    25
       Fruit             |       |       |     2 |       ||     2
Armor: Skin              |    27 |    15 |    92 |     2 ||   136
Dodge: Dodged            |    62 |    56 |   258 |    12 ||   388
Block: Other             |     7 |     9 |    42 |     1 ||    59
       Reflection        |     1 |       |       |       ||     1
       Rpst.: Falchion   |    20 |       |       |       ||    20
       Great sword       |       |    13 |    82 |     1 ||    96
       Long sword        |       |     2 |       |       ||     2
